 Dungeon Crawl Stone Soup version 0.29-a0-330-g52719c12eb (webtiles) character file.

Game seed: 5018848730518743279

1570 kae the Sneak (level 8, -3/46 HPs)
             Began as an Octopode Fire Elementalist on Apr 16, 2022.
             Slain by a komodo dragon (26 damage)
             ... on level 7 of the Dungeon.
             The game lasted 00:05:58 (9826 turns).

kae the Sneak (Octopode Fire Elementalist)          Turns: 9826, Time: 00:05:58

Health: -3/46      AC:  4    Str: 13    XL:     8   Next: 90%
Magic:  10/25      EV: 15    Int: 24    God:
Gold:   548        SH:  0    Dex: 13    Spells: 3/16 levels left

rFire   + . .      SeeInvis +   g - +3 dagger
rCold   . . .      Faith    .   (no shield)
rNeg    . . .      Spirit   .   x - +3 hat of Pondering {ponderous, Will+ MP+10 Int+5}
rPois   .          Reflect  .   b - amulet of the acrobat
rElec   .          Harm     .   w - +6 ring of strength
rCorr   .          Rampage  .   h - ring of Aryhix {+Blink Will+}
Will    ++...                   E - ring of protection from fire
Stlth   +++++.....              F - ring of see invisible
HPRegen 0.15/turn               (no ring)
MPRegen 0.19/turn               (no ring)
                                (no ring)
                                (no ring)

@: very slightly contaminated, slow
A: almost no armour, amphibious, 8 rings, camouflage 1, gelatinous body 1,
(nimble swimmer 1), tentacles
a: Evoke Blink


You were on level 7 of the Dungeon.
You visited 1 branch of the dungeon, and saw 7 of its levels.
You also visited: Ossuary.

You collected 597 gold pieces.
You spent 49 gold pieces at shops.

Inventory:

Hand Weapons
 f - a +0 hand axe
 g - a +3 dagger (weapon)
Missiles
 r - a throwing net
Armour
 x - the +3 hat of Pondering (worn) {ponderous, Will+ MP+10 Int+5}
   (You found it on level 4 of the Dungeon)

   Int:       It affects your intelligence (+5).
   MP:        It affects your magic capacity (+10).
   Will:      It increases your willpower.
Jewellery
 b - an amulet of the acrobat (around mantle)
 c - a ring of ice
 h - the ring of Aryhix (right tentacle) {+Blink Will+}
   (You found it on level 6 of the Dungeon)

   [ring of willpower]

   +Blink:    It lets you blink.
   Will:      It increases your willpower.
 w - a +6 ring of strength (left tentacle)
 E - a ring of protection from fire (on tentacle)
 F - a ring of see invisible (on tentacle)
Scrolls
 d - 2 scrolls of enchant armour
 e - a scroll of fog
 m - a scroll of noise
 n - 5 scrolls of fear
 o - a scroll of amnesia
 t - 2 scrolls of blinking
 u - a scroll of vulnerability {unknown}
 v - a scroll of immolation {unknown}
 y - 2 scrolls of holy word {unknown}
 z - 4 scrolls of teleportation {unknown}
 B - a scroll of acquirement {unknown}
Potions
 a - a potion of magic
 i - 2 potions of heal wounds
 j - 3 potions of curing
 k - 3 potions of brilliance
 l - 3 potions of mutation
 p - 4 potions of haste
 q - a potion of lignification
 s - 2 potions of flight {unknown}
 A - 2 potions of attraction {unknown}
 C - a potion of resistance {unknown}
 D - a potion of berserk rage {unknown}


   Skills:
 + Level 5.1 Dodging
 + Level 7.4 Stealth
 + Level 4.8 Spellcasting
 + Level 4.7 Conjurations
 + Level 5.7 Fire Magic


You had 3 spell levels left.
You knew the following spells:

 Your Spells              Type           Power      Damage    Failure   Level
a - Foxfire               Conj/Fire      100%       2x1d9     1%          1
b - Scorch                Fire           66%        2d8       1%          2
c - Conjure Flame         Conj/Fire      30%        6-21      3%          3
d - Inner Flame           Hex/Fire       19%        N/A       9%          3
e - Flame Wave            Conj/Fire      30%        2d8       11%         4

Your spell library contained the following spells:

 Spells                   Type           Power      Damage    Failure   Level
 Freeze                   Ice            20%        1d4       9%          1
 Blink                    Tloc           10%        N/A       14%         2
 Corpse Rot               Necr/Air       10%        N/A       14%         2
 Ensorcelled Hibernation  Hex/Ice        10%        N/A       14%         2
 Passwall                 Tmut/Erth      4%         N/A       14%         2
 Frozen Ramparts          Ice            10%        1d3       26%         3
 Swiftness                Air            5%         N/A       26%         3
 Hailstorm                Conj/Ice       17%        3d6       32%         4
 Dispel Undead            Necr           5%         3d7       65%         4
 Manifold Assault         Tloc           5%         N/A       94%         5
 Death Channel            Necr           2%         N/A       100%        6
 Storm Form               Tmut/Air       2%         N/A       100%        7


Dungeon Overview and Level Annotations

Branches:
Dungeon (7/15)            Ossuary (visited)
 Temple: D:4-7

Altars:
Gozag
Kikubaaqudgha

Shops:
D:2 *

Annotations:
D:6 exclusion: acid dragon


Innate Abilities, Weirdness & Mutations

You cannot wear most types of armour.
You are amphibious.
You can wear up to eight rings at the same time.
Your skin changes colour to match your surroundings (Stealth+).
Your rubbery body absorbs attacks. (AC +1, EV +1)
((You are camouflaged when in or above water. (Stealth+)))
You have tentacles for arms and can constrict up to eight enemies at once.


Message History

Flames lash the gnoll shaman.
You kill the gnoll shaman!
Casting: Scorch (safe; 1% risk of failure)
Confirm with . or Enter, or press ? or * to list all spells.
You can't see any susceptible monsters within range! (Use Z to cast anyway.)
Casting: Scorch (safe; 1% risk of failure)
Confirm with . or Enter, or press ? or * to list all spells.
You can't see any susceptible monsters within range! (Use Z to cast anyway.)
A komodo dragon comes into view.
A komodo dragon is nearby!
A komodo dragon is nearby!
Casting: Scorch (safe; 1% risk of failure)
Confirm with . or Enter, or press ? or * to list all spells.
You conjure some foxfire!
The komodo dragon hisses angrily.
The foxfire hits the komodo dragon.
The komodo dragon is lightly wounded.
Casting: Foxfire (safe; 1% risk of failure)
Confirm with . or Enter, or press ? or * to list all spells.
You conjure some foxfire!
The foxfire hits the komodo dragon but does no damage.
The komodo dragon is lightly wounded.
The foxfire hits the komodo dragon.
The komodo dragon is lightly wounded.
The foxfire hits the komodo dragon.
The komodo dragon is moderately wounded.
Casting: Foxfire (safe; 1% risk of failure)
Confirm with . or Enter, or press ? or * to list all spells.
You miscast Conjure Flame.
You are very lightly contaminated with residual magic.
Nothing appears to happen.
Casting: Conjure Flame (dangerous; 3% risk of failure)
Confirm with . or Enter, or press ? or * to list all spells.
The fire begins to smoulder!
Casting: Conjure Flame (dangerous; 3% risk of failure)
Confirm with . or Enter, or press ? or * to list all spells.
The fire ignites!
You are engulfed in blazing flames.
You resist. The komodo dragon bites you!!
Ouch! That really hurt!
You die...

....... .......
..<.... ###.......
......... #........
##........
####..)......
##.@l...).)...
##..##.........
######..###.#....)..
#......###..##......
#..###......#. ......
#.###...............#
#........>..........#
####........... ...
#...........


You could see a komodo dragon.

Vanquished Creatures
  An ice beast (D:6)
  A black bear (D:5)
  An ogre (D:4)
  2 centaurs
  A phantom (D:6)
  2 necrophages
  3 scorpions
  3 howler monkeys
  A jelly (D:6)
  2 hounds
  A gnoll shaman (D:7)
  An iguana (D:5)
  8 mummies (Ossuary)
  17 gnolls
  13 adders
  A river rat (D:5)
  A white imp (D:6)
  An ufetubus (D:5)
  2 dart slugs (D:2)
  4 worms
  2 orcs
  A bat (D:2)
  4 endoplasms (D:4)
  3 giant cockroaches
  4 goblins
  10 hobgoblins
  3 quokkas
  9 ball pythons
  6 frilled lizards
  A gnoll zombie (Ossuary)
  3 hobgoblin zombies (Ossuary)
  9 kobolds
  2 kobold zombies (Ossuary)
  2 orc zombies (Ossuary)
  6 rats
131 creatures vanquished.

Vanquished Creatures (collateral kills)
  2 foxfires (D:1)
2 creatures vanquished.

Vanquished Creatures (others)
  470 foxfires
470 creatures vanquished.

Grand Total: 603 creatures vanquished

Notes
Turn   | Place    | Note
-------+----------+-------------------------------------------
     0 | D:1      | kae the Octopode Fire Elementalist began the quest for the
                  | Orb.
     0 | D:1      | Reached XP level 1. HP: 11/11 MP: 3/3
   380 | D:1      | Reached XP level 2. HP: 17/17 MP: 1/5
   428 | D:1      | Reached skill level 3 in Stealth
  1221 | D:2      | Learned a level 2 spell: Scorch
  1311 | D:2      | Reached XP level 3. HP: 19/21 MP: 3/6
  1315 | D:2      | Learned a level 3 spell: Conjure Flame
  1340 | D:2      | Found Dykh's General Store.
  1344 | D:2      | Bought a scroll of magic mapping for 49 gold pieces
  1673 | D:2      | Reached XP level 4. HP: 16/27 MP: 1/7
  3593 | D:3      | Reached skill level 4 in Stealth
  3651 | D:3      | Reached XP level 5. HP: 31/31 MP: 7/9
  3883 | D:3      | Found an opulent altar of Gozag.
  5134 | D:4      | Reached XP level 6. HP: 36/36 MP: 5/10
  5480 | D:4      | Reached skill level 5 in Stealth
  5794 | D:4      | Reached XP level 7. HP: 41/41 MP: 7/12
  5860 | D:4      | Found the +3 hat of Pondering {ponderous, Will+ MP+10
                  | Int+5}
  5905 | D:4      | Found an ancient bone altar of Kikubaaqudgha.
  6793 | D:5      | Entered Level 5 of the Dungeon
  6798 | D:5      | Learned a level 3 spell: Inner Flame
  6803 | D:5      | Learned a level 4 spell: Flame Wave
  7135 | D:5      | Found a sand-covered staircase.
  7180 | Ossuary  | Entered an ossuary
  7255 | Ossuary  | Reached skill level 6 in Stealth
  7588 | D:5      | Reached XP level 8. HP: 45/46 MP: 14/14
  8054 | D:5      | Reached skill level 5 in Fire Magic
  8471 | D:6      | Identified the ring of Aryhix {+Blink Will+}
  9047 | D:6      | Reached skill level 7 in Stealth
  9608 | D:6      | Reached skill level 5 in Dodging
  9816 | D:7      | Noticed a komodo dragon
  9826 | D:7      | Slain by a komodo dragon

Illustrated notes

Levels and vault maps discovered:
D:1:      sevenhm_arrival_forest_fort_large_4, layout_basic
D:2:      layout_basic, serial_shops, shop
D:3:      layout_basic, nicolae_gozag_seed_capital, kennysheep_path_1
D:4:      layout_basic, mainiacjoe_overflow_alcove_2, minmay_misc_feat_tower,
          minmay_fractal_squares_5
D:5:      layout_layer_cave, gup_sewer_entry_spiral,
          nicolae_ossuary_entry_ruins, glass_columns_c, minivault_19
D:6:      layout_loops_corners
D:7:      layout_rooms, minmay_temple_entry_stoned_glass, nrook_mini_backslash,
          minivault_5, uniq_crazy_yiuf_cottage, uniq_menkaure

Skill      XL: |  1  2  3  4  5  6  7  8 |
---------------+-------------------------+-----
Stealth        | 3 4 5 6 7 |  7.4
Conjurations   | 2 3 4 |  4.7
Dodging        | 3 4 5 |  5.1
Spellcasting   | 3 4 |  4.8
Fire Magic     | 4 5 |  5.7

Action                   |  1- 3 |  4- 6 |  7- 9 || total
-------------------------+-------+-------+-------++-------
Melee: Dagger            |    17 |     4 |    10 ||    31
       Tentacles         |     5 |     1 |       ||     6
       Constrict         |     5 |     2 |     1 ||     8
 Cast: Foxfire           |    54 |   124 |   100 ||   278
       Scorch            |       |    13 |    37 ||    50
       Conjure Flame     |       |     1 |     5 ||     6
  Use: Scroll            |     3 |     5 |     7 ||    15
 Stab: Sleeping          |       |       |     7 ||     7
Armor: Skin              |     2 |     3 |     8 ||    13
Dodge: Dodged            |    18 |    26 |    51 ||    95

Table legend: (Time is in decaauts)
 A = Elapsed time spent in this place.
 B = Non-inter-level travel time spent in this place.
 C = Inter-level travel time spent in this place.
 D = Time resting spent in this place.
 E = Time spent auto-exploring this place.
 F = Levels seen in this place.
 G = Mean time per level.
                   A        B        C        D        E       F      G
               +--------+--------+--------+--------+--------+-----+--------+
         Total |  10032 |   9582 |    450 |    380 |   7928 |   8 | 1254.0 |
       Dungeon |   9681 |   9231 |    450 |    380 |   7685 |   7 | 1383.0 |
       Ossuary |    350 |    350 |      0 |      0 |    243 |   1 |  350.0 |
               +--------+--------+--------+--------+--------+-----+--------+

Top non-repeatable levels by time:
     D:4: 2218 daAuts
     D:2: 1811 daAuts
     D:3: 1534 daAuts
     D:5: 1418 daAuts
     D:6: 1264 daAuts
     D:1: 1233 daAuts
 Ossuary: 350 daAuts
     D:7: 199 daAuts
